Map: Jagannatha LE

Players

DnS

  • Race: Protoss Protoss
  • League: Master

goblin - Winner!

  • Race: Protoss Protoss
  • League: Master

Event: DreamHack SC2 Masters 2021 Summer

VOD

Have the link to the VOD?

Description

Time

  • Played on: May 29, 2021, 11:30 a.m.
  • Length: 14:19

All games in this series

Show
View Real Time Build Order
Export as new Build Order

DnS Protoss 

Build Orders:  

Get SALT Encoding   

  12  0:00  Probe  
  13  0:12  Probe  
  14  0:18  Pylon  
  14  0:24  Probe (Chrono Boost)  
  15  0:36  Gateway  
  15  0:37  Probe (Chrono Boost)  
  16  0:44  Probe (Chrono Boost)  
  16  0:46  Assimilator  
  17  0:51  Probe  
  17  0:55  Assimilator  
  18  1:03  Probe (Chrono Boost)  
  19  1:07  Gateway  
  19  1:12  Probe (Chrono Boost)  
  19  1:17  Probe (Chrono Boost)  
  20  1:24  Cybernetics Core  
  21  1:30  Probe  
  22  1:35  Pylon  
  22  1:42  Probe  
  23  1:56  Gateway  
  24  2:01  Stalker  
  24  2:03  Warp Gate (Chrono Boost)  
  24  2:05  Stalker  
  27  2:15  Pylon  
  27  2:32  Stalker  
  27  2:35  Stalker  
  31  2:45  Stalker  
  33  3:11  Nexus  
  33  3:18  Shield Battery  
  33  3:36  Stalker x2  
  33  3:38  Stalker  
  39  3:45  Pylon  
  39  4:03  Probe  
  39  4:07  Stalker x2  
  44  4:13  Stalker  
  47  4:24  Probe (Chrono Boost)  
  47  4:25  Probe (Chrono Boost)  
  48  4:35  Probe x2 (Chrono Boost), Twilight Council  
  50  4:40  Probe (Chrono Boost)  
  52  4:45  Sentry  
  52  4:48  Sentry  
  52  4:50  Probe  
  57  4:53  Shield Battery  
  57  4:56  Stalker  
  55  5:02  Probe  
  54  5:07  Probe  
  54  5:14  Probe (Chrono Boost)  
  55  5:16  Dark Shrine  
  56  5:24  Probe (Chrono Boost)  
  56  5:26  Probe (Chrono Boost)  
  57  5:31  Probe (Chrono Boost)  
  57  5:33  Probe (Chrono Boost)  
  57  5:35  Shield Battery  
  59  5:41  Probe  
  58  5:45  Probe  
  58  5:49  Stalker  
  59  5:50  Stalker  
  62  5:58  Blink (Chrono Boost)  
  62  5:59  Probe  
  62  6:01  Pylon  
  62  6:11  Pylon  
  62  6:19  Probe x2, Forge  
  62  6:24  Sentry x2  
  68  6:32  Probe x2 (Chrono Boost)  
  70  6:44  Probe x2 (Chrono Boost)  
  70  6:46  Phoenix, Pylon  
  72  6:50  Probe x2 (Chrono Boost)  
  72  6:53  Protoss Ground Weapons Level 1 (Chrono Boost)  
  74  6:58  Probe x2  
  76  7:10  Probe  
  76  7:13  Nexus  
  77  7:15  Stalker x2  
  77  7:19  Pylon  
  77  7:20  Stalker  
  83  7:23  Probe x2  
  83  7:26  Assimilator  
  85  7:35  Probe  
  87  7:37  Probe  
  87  7:38  Phoenix  
  87  7:43  Robotics Facility  
  87  7:47  Probe, Charge (Chrono Boost)  
  87  7:49  Probe  
  89  7:54  Stalker x2  
  89  7:55  Shield Battery  
  93  7:59  Probe, Gateway  
  94  8:16  Gateway  
  94  8:17  Gateway  
  94  8:22  Pylon  
  94  8:24  Probe x2  
  96  8:29  Probe  
  96  8:31  Observer (Chrono Boost)  
  98  8:35  Stalker  
  98  8:36  Probe  
  98  8:38  Phoenix, Pylon  
  98  8:39  Pylon  
  98  8:40  Probe  
  102  8:41  Templar Archives, Probe  
  103  8:48  Probe  
  103  8:51  Gateway  
  103  8:52  Probe  
  103  8:53  Gateway  
  105  8:56  Immortal  
  109  9:03  Probe x2  
  109  9:05  Protoss Ground Weapons Level 2  
  109  9:07  Pylon  
  109  9:09  Assimilator  
  111  9:17  Gateway  
  111  9:22  Phoenix  
  111  9:23  Nexus  
  111  9:25  Pylon  
  111  9:38  Zealot  
  111  9:41  High Templar  
  111  9:42  High Templar, Zealot x2  
  121  9:46  Archon  
  121  9:51  Observer  
  121  9:52  Photon Cannon, Zealot x2  
  125  9:55  Probe x2  
  125  9:56  Gateway  
  125  9:58  Gateway  
  127  10:05  Probe  
  128  10:07  Probe  
  128  10:14  High Templar x2, Zealot x4  
  133  10:18  Pylon  
  133  10:20  Pylon  
  141  10:22  Archon  
  141  10:31  Nexus  
  141  10:38  Shield Battery  
  141  10:40  Pylon  
  141  10:44  Pylon x2  
  141  10:46  Pylon  
  141  10:52  High Templar  
  141  10:53  High Templar, Zealot  
  141  10:54  Zealot x4  
  151  10:57  Archon  
  151  11:01  Dark Templar x2  
  151  11:02  Zealot  
  127  11:15  Immortal (Chrono Boost)  
  127  11:16  Zealot x4  
  123  11:21  Dark Templar  
  122  11:26  Zealot x3  
  128  11:38  Zealot  
  128  11:39  Zealot x5  
  138  11:42  Observer  
  138  11:45  Nexus  
  132  11:47  Pylon  
  130  11:55  High Templar x2  
  130  11:56  Zealot x2  
  130  12:01  Archon  
  138  12:06  Zealot x3  
  138  12:07  Zealot x3  
  150  12:18  High Templar x2  
  150  12:22  Archon  
  154  12:23  Photon Cannon  
  154  12:34  Zealot x7  
  168  12:47  Zealot  
  168  12:51  Shield Battery  
  170  12:55  Observer  
  170  12:56  Zealot x8  
  186  13:08  High Templar x2  
  186  13:12  Archon  
  190  13:18  Zealot x2  
  190  13:19  Zealot  
  146  13:27  Zealot x5  
  123  13:40  Zealot x5  
  107  13:44  Immortal (Chrono Boost)  
  107  13:47  Zealot x4  
  107  13:48  Zealot  
  105  13:55  Shield Battery  
  105  14:02  Zealot x5  
  107  14:07  Zealot  
  107  14:08  Zealot x3  
Show
View Real Time Build Order
Export as new Build Order

goblin Protoss - Winner!

Build Orders:  

Get SALT Encoding   

  12  0:00  Probe  
  13  0:12  Probe  
  14  0:17  Pylon  
  14  0:24  Probe (Chrono Boost)  
  15  0:36  Probe (Chrono Boost), Gateway  
  16  0:44  Probe (Chrono Boost)  
  16  0:46  Assimilator  
  17  0:50  Probe  
  17  0:54  Assimilator  
  18  1:03  Probe (Chrono Boost)  
  19  1:08  Gateway  
  19  1:12  Probe (Chrono Boost)  
  19  1:17  Probe (Chrono Boost)  
  20  1:25  Cybernetics Core  
  21  1:31  Probe  
  22  1:37  Pylon  
  22  1:43  Probe  
  23  1:55  Probe  
  24  2:01  Stalker  
  24  2:02  Stalker  
  24  2:04  Warp Gate  
  28  2:14  Pylon  
  28  2:22  Stargate  
  28  2:23  Probe  
  29  2:34  Stalker  
  31  2:40  Stalker  
  33  2:56  Shield Battery  
  33  2:58  Void Ray (Chrono Boost)  
  37  3:18  Pylon  
  37  3:32  Nexus  
  37  3:34  Void Ray (Chrono Boost)  
  37  3:47  Probe  
  42  3:58  Stalker  
  42  3:59  Probe  
  45  4:07  Pylon  
  45  4:11  Probe  
  46  4:23  Probe  
  47  4:26  Void Ray (Chrono Boost)  
  47  4:29  Adept x2  
  55  4:44  Probe  
  56  4:46  Probe  
  57  4:54  Twilight Council  
  57  4:56  Probe  
  58  5:01  Probe  
  57  5:08  Probe  
  57  5:13  Adept x2  
  60  5:19  Shield Battery  
  60  5:20  Probe x2  
  62  5:23  Pylon  
  62  5:33  Stalker x2  
  68  5:50  Probe x2  
  68  5:53  Shield Battery  
  68  5:54  Oracle (Chrono Boost)  
  68  5:55  Blink (Chrono Boost)  
  67  5:59  Forge  
  67  6:02  Probe  
  68  6:07  Zealot x2  
  68  6:08  Probe  
  73  6:14  Pylon  
  73  6:15  Assimilator  
  74  6:18  Probe  
  74  6:22  Oracle  
  77  6:27  Pylon  
  77  6:32  Probe x2  
  79  6:36  Photon Cannon  
  79  6:39  Protoss Ground Weapons Level 1  
  79  6:43  Pylon  
  79  6:45  Assimilator  
  79  6:51  Photon Cannon  
  79  6:54  Probe x2  
  81  7:06  Probe, Stalker x2  
  86  7:15  Gateway  
  86  7:16  Gateway  
  86  7:17  Pylon  
  86  7:29  Stalker x2  
  90  7:35  Probe x2  
  92  7:47  Nexus  
  92  7:48  Pylon  
  92  7:52  Charge  
  92  7:58  Probe  
  93  8:10  Stalker x3  
  93  8:11  Stalker  
  101  8:15  Probe x2 (Chrono Boost)  
  103  8:21  Pylon  
  103  8:26  Probe (Chrono Boost)  
  104  8:30  Probe (Chrono Boost), Gateway  
  104  8:31  Probe (Chrono Boost)  
  104  8:32  Gateway  
  106  8:38  Shield Battery  
  106  8:40  Probe  
  107  8:44  Protoss Ground Weapons Level 2 (Chrono Boost), Gateway  
  107  8:45  Gateway  
  107  8:47  Probe  
  108  8:51  Templar Archives  
  108  8:54  Sentry  
  110  9:01  Probe x2  
  112  9:07  Assimilator  
  112  9:08  Assimilator  
  112  9:24  Zealot x4  
  116  9:28  Probe  
  116  9:29  Probe  
  116  9:30  High Templar  
  116  9:31  High Templar  
  126  9:32  Robotics Facility  
  126  9:35  Archon  
  126  9:37  Photon Cannon  
  124  9:40  Pylon  
  124  9:49  High Templar x4  
  130  9:53  Archon x2, Pylon  
  130  9:56  Pylon  
  130  9:59  Zealot x2  
  133  10:03  Photon Cannon  
  133  10:07  High Templar x2  
  133  10:12  Nexus  
  137  10:15  Pylon  
  137  10:19  Archon  
  137  10:36  High Templar x2, Stalker x2  
  137  10:37  Stalker x2  
  137  10:40  Probe x3  
  152  10:44  Zealot x2  
  152  10:48  Pylon  
  152  10:49  Archon  
  156  10:51  Pylon, Protoss Ground Weapons Level 3 (Chrono Boost)  
  156  10:52  Probe  
  153  10:59  Probe x2  
  153  11:00  Observer (Chrono Boost)  
  156  11:11  Zealot x5  
  148  11:12  Zealot  
  148  11:13  Observer (Chrono Boost)  
  149  11:21  Probe  
  149  11:22  Probe  
  149  11:26  Gateway x2  
  149  11:28  Zealot x2  
  149  11:32  Zealot x3  
  153  11:45  Probe x4  
  157  11:49  Shield Battery  
  157  11:56  Photon Cannon, High Templar  
  157  11:57  Probe, High Templar x5  
  170  12:01  Archon x2, Warp Prism (Chrono Boost)  
  170  12:03  Archon  
  172  12:21  High Templar x3  
  178  12:23  Assimilator  
  178  12:24  Assimilator  
  178  12:25  High Templar, Pylon  
  178  12:26  Archon  
  178  12:27  Photon Cannon  
  178  12:28  Pylon  
  178  12:29  Archon  
  180  12:31  Photon Cannon  
  180  12:41  Zealot x6  
  192  12:50  Gateway  
  192  12:53  Gateway, Pylon  
  192  13:10  High Templar x4  
  200  13:15  Archon  
  200  13:16  Archon  
  200  13:26  Zealot x3  
  200  13:27  Zealot x2  
  176  13:33  Zealot  
  156  13:40  Probe x2  
  150  13:44  Zealot x4  
  142  13:55  High Templar x3, Zealot x3  
  148  13:56  High Templar  
  148  14:02  Archon  
  151  14:03  Archon, Zealot  
  151  14:07  Zealot  
  151  14:08  Zealot x3  
  151  14:14  Gateway  
  151  14:15  Gateway  
Tags
 
Add a new tag
Caveats
  • Supply blocks, unpowered buildings, or Contaminate may cause inaccurate times.
  • Supply counts are checked every 10 seconds.